 Dungeon Crawl Stone Soup version 0.22-a0-40-g3d2f077 (webtiles) character file.

91 tidbits the Grave Robber (level 4, 0/32 HPs)
             Began as a Gnoll Necromancer on Jan 4, 2018.
             Slain by a goblin
             ... wielding a +0 dagger
              (5 damage)
             ... on level 2 of the Dungeon.
             The game lasted 00:05:33 (760 turns).

tidbits the Grave Robber (Gnoll Necromancer)         Turns: 760, Time: 00:05:34

Health: 0/32       AC:  2    Str: 10    XL:     4   Next: 57%
Magic:  6/11       EV: 15    Int: 18    God:
Gold:   96         SH:  0    Dex: 16    Spells: 5/13 levels left

rFire    . . .     SeeInvis .   a - +0 short sword
rCold    . . .     Gourm    .   (no shield)
rNeg     . . .     Faith    .   k - +0 robe
rPois    .         Spirit   .   (no helmet)
rElec    .         Reflect  .   (no cloak)
rCorr    .         Harm     .   (no gloves)
MR       .....                  (no boots)
Stlth    +++.......             (no amulet)
HPRegen  0.10/turn              W - ring of wizardry
MPRegen  0.12/turn              (no ring)

@: no status effects
A: distributed training, fangs 1, strong nose
a: no special abilities


You were on level 2 of the Dungeon.
You were not hungry.

You visited 1 branch of the dungeon, and saw 3 of its levels.

You collected 96 gold pieces.

Inventory:

Hand Weapons
 a - a +0 short sword (weapon)
 e - a +0 club
 m - a +0 dagger
 o - a +0 blowgun
Missiles
 p - 2 poisoned needles
Armour
 g - a cursed +0 leather armour
 k - a +0 robe (worn)
Jewellery
 W - a ring of wizardry (left hand)
   (You found it on level 3 of the Dungeon)
Scrolls
 f - a scroll of identify {unknown}
 h - a scroll of enchant armour {unknown}
 i - a scroll of remove curse {unknown}
 l - a scroll of enchant weapon {unknown}
Potions
 d - a potion of magic {unknown}
 j - a potion of curing {unknown}
 n - a potion of haste {unknown}
Books
 b - a book of Necromancy

   Spells                             Type                      Level
   a - Pain                           Necromancy                   1
   b - Animate Skeleton               Necromancy                   1
   c - Vampiric Draining              Necromancy                   3
   d - Regeneration                   Charms/Necromancy            3
   e - Animate Dead                   Necromancy                   4
   f - Borgnjor's Vile Clutch         Necromancy/Earth             5
Comestibles
 c - 3 rations


   Skills:
 + Level 1.1 Fighting
 + Level 1.1 Short Blades
 + Level 1.1 Long Blades
 + Level 1.1 Axes
 + Level 1.1 Maces & Flails
 + Level 1.1 Polearms
 + Level 1.1 Staves
 + Level 1.1 Slings
 + Level 1.1 Bows
 + Level 1.1 Crossbows
 + Level 1.1 Throwing
 + Level 1.1 Armour
 + Level 4.6 Dodging
 + Level 4.2 Stealth
 + Level 1.1 Shields
 + Level 1.1 Unarmed Combat
 + Level 5.1 Spellcasting
 + Level 0.9 Conjurations
 + Level 0.9 Hexes
 + Level 0.9 Charms
 + Level 0.9 Summonings
 + Level 7.1 Necromancy
 + Level 0.9 Translocations
 + Level 0.9 Transmutations
 + Level 0.9 Fire Magic
 + Level 0.9 Ice Magic
 + Level 0.9 Air Magic
 + Level 0.9 Earth Magic
 + Level 0.9 Poison Magic
 + Level 1.2 Invocations
 + Level 1.1 Evocations


You had 5 spell levels left.
You knew the following spells:

 Your Spells              Type           Power        Failure   Level  Hunger
a - Pain                  Necr           ####         1%          1    None
d - Vampiric Draining     Necr           ####......   1%          3    ##.....
n - Animate Skeleton      Necr           N/A          1%          1    None
r - Regeneration          Chrm/Necr      ###.......   3%          3    ##.....


Dungeon Overview and Level Annotations

Branches:
Dungeon (3/15)

Altars:
Wu Jian
Xom
The Shining One


Innate Abilities, Weirdness & Mutations

Your experience applies equally to all skills.
You have very sharp teeth.
Your uncanny sense of smell can sniff out nearby items.


Message History

You see here an adder corpse.
Casting: Pain
Confirm with . or Enter, or press ? or * to list all spells.
You attempt to give life to the dead...
Before your eyes, flesh is ripped from the corpse!
The dead are slithering!
You feel sick.
You see here a chunk of flesh.
A kobold comes into view. It is wielding a club.
You feel sick.
The kobold shouts!
The kobold unwields an uncursed club.
The kobold wields a blowgun.
The kobold shoots a poisoned needle.
The poisoned needle barely misses you.
The poisoned needle hits your adder skeleton!
You closely miss the kobold.
You feel sick.
The kobold unwields an uncursed blowgun.
The kobold wields an uncursed club.
The kobold hits you with an uncursed club.
You barely miss the kobold. The kobold completely misses you.
You swap places.
Your adder skeleton bites the kobold.
The kobold unwields an uncursed club.
The kobold wields an uncursed blowgun.
The kobold shoots a poisoned needle.
The poisoned needle hits your adder skeleton!
What are your orders? t - Bark!
Orders for allies: a - Attack new target. r - Retreat! s - Stop attacking. g - Guard the area. f - Follow me.
Anything else - Cancel.
Gang up on whom?
Press: ? - help, Dir - move target cursor, f - kobold
Aim: a kobold, wielding a blowgun (heavily wounded) Attack!
Your adder skeleton bites the kobold but does no damage.
The kobold shoots a poisoned needle.
The poisoned needle barely misses your adder skeleton.
The poisoned needle barely misses you.
You swap places.
You feel sick.
The kobold unwields an uncursed blowgun.
The kobold wields an uncursed club.
The kobold closely misses you.
You see here a poisoned needle.
Casting: Animate Skeleton
Confirm with . or Enter, or press ? or * to list all spells.
Aiming: Pain
Press: ? - help, Shift-Dir - straight line, f/p - kobold
Aim: a kobold, wielding a club (heavily wounded, chance to defeat MR: 93%)
The kobold writhes in agony!
You kill the kobold!
Items here: ( )) † an uncursed club; an uncursed blowgun; 2 poisoned needles; a kobold corpse
o - an uncursed blowgun;
p - 2 poisoned needles Unknown command.
Unknown command.
You feel sick.
You see here a club.
Found a stone staircase leading up.
You feel sick.
You are no longer poisoned.
There is a stone staircase leading up here.
You climb upwards.
Your mindless thrall stays behind.
A giant cockroach and 2 goblins come into view.
There is a stone staircase leading down here.
The helpless giant cockroach fails to defend itself.
You puncture the giant cockroach!
You kill the giant cockroach!
The goblin shouts! x2
The goblin misses you.
You miss the goblin. The goblin barely misses you.
A jackal comes into view.
The jackal barks!
There is a stone staircase leading down here.
Casting: Pain
Confirm with . or Enter, or press ? or * to list all spells.
Aiming: Pain
Press: ? - help, Shift-Dir - straight line, f - goblin
Aim: a goblin (chance to defeat MR: 93%)
The goblin writhes in agony!
The goblin hits you with a dagger.
* * * LOW HITPOINT WARNING * * *
The goblin hits you.
* * * LOW HITPOINT WARNING * * *
A jackal comes into view.
Casting: Pain
Confirm with . or Enter, or press ? or * to list all spells.
Aiming: Pain
Press: ? - help, Shift-Dir - straight line, f/p - goblin
Aim: a goblin (severely wounded, chance to defeat MR: 93%)
The goblin writhes in agony!
You kill the goblin!
The goblin hits you with a dagger.
* * * LOW HITPOINT WARNING * * *
A jackal comes into view.
Casting: Pain
Confirm with . or Enter, or press ? or * to list all spells.
Aiming: Pain
Press: ? - help, Shift-Dir - straight line, f - goblin
Aim: a goblin, wielding a dagger (chance to defeat MR: 93%)
The goblin writhes in agony!
The jackal barks!
The goblin closely misses you. The goblin hits you with a dagger.
You die...

♣♣P..# .
PP....♣.
....#.#
...#.#####
..#.#... #.....
#...#######
###.#.†.ghhh...
........@######
.#####..## #..#
....# ..#..#
##.#.## # #. #.


You could see 3 jackals and a goblin.

Vanquished Creatures
  An orc wizard (D:3)
  2 adders
  3 dart slugs (D:1)
  4 leopard geckos
  3 orcs (D:3)
  A giant cockroach (D:2)
  5 goblins
  2 hobgoblins
  2 kobolds
  3 bats (D:1)
  3 frilled lizards (D:1)
  5 rats
34 creatures vanquished.

Notes
Turn   | Place    | Note
-------+----------+-------------------------------------------
     0 | D:1      | tidbits the Gnoll Necromancer began the quest for the Orb.
     0 | D:1      | Reached XP level 1. HP: 13/13 MP: 6/6
   104 | D:1      | Reached XP level 2. HP: 14/19 MP: 2/7
   107 | D:1      | Learned a level 1 spell: Animate Skeleton
   460 | D:2      | Reached skill level 5 in Spellcasting
   460 | D:2      | Reached XP level 3. HP: 8/25 MP: 3/9
   466 | D:2      | Learned a level 3 spell: Vampiric Draining
   470 | D:2      | Learned a level 3 spell: Regeneration
   500 | D:2      | Found an ornate altar of the Wu Jian Council.
   503 | D:2      | Found a shimmering altar of Xom.
   575 | D:2      | Reached skill level 1 in Invocations
   622 | D:3      | Reached skill level 1 in Fighting
   622 | D:3      | Reached skill level 1 in Short Blades
   622 | D:3      | Reached skill level 1 in Long Blades
   622 | D:3      | Reached skill level 1 in Axes
   622 | D:3      | Reached skill level 1 in Maces & Flails
   622 | D:3      | Reached skill level 1 in Polearms
   622 | D:3      | Reached skill level 1 in Staves
   622 | D:3      | Reached skill level 1 in Slings
   622 | D:3      | Reached skill level 1 in Bows
   622 | D:3      | Reached skill level 1 in Crossbows
   622 | D:3      | Reached skill level 1 in Throwing
   622 | D:3      | Reached skill level 1 in Armour
   622 | D:3      | Reached skill level 1 in Shields
   622 | D:3      | Reached skill level 1 in Unarmed Combat
   622 | D:3      | Reached skill level 1 in Evocations
   622 | D:3      | Reached XP level 4. HP: 24/32 MP: 11/11
   635 | D:3      | Found a glowing golden altar of the Shining One.
   760 | D:2      | Slain by a goblin

Vault maps used:
D:1:      moated_graveyard_arrival
D:2:      nicolae_overflow_hidden_temple, serial_forest,
          infiniplex_forest_clump_long, infiniplex_forest_end_3,
          infiniplex_forest_straight_5, infiniplex_forest_corner_1,
          infiniplex_forest_zigzag_2, infiniplex_forest_clump_double,
          infiniplex_forest_straight_5, infiniplex_forest_lined_2
D:3:      nicolae_overflow_crystal_walls, lemuel_crystal_altar,
          cheibrodos_sewer_entry_bend

Skill      XL: |  1  2  3 |
---------------+----------+-----
Spellcasting   | 5 |  5.1
Invocations    | 1 |  1.2
Fighting       | 1 |  1.1
Short Blades   | 1 |  1.1
Long Blades    | 1 |  1.1
Axes           | 1 |  1.1
Maces & Flails | 1 |  1.1
Polearms       | 1 |  1.1
Staves         | 1 |  1.1
Slings         | 1 |  1.1
Bows           | 1 |  1.1
Crossbows      | 1 |  1.1
Throwing       | 1 |  1.1
Armour         | 1 |  1.1
Shields        | 1 |  1.1
Unarmed Combat | 1 |  1.1
Evocations     | 1 |  1.1
Dodging        | |  4.6
Stealth        | |  4.2
Conjurations   | |  0.9
Hexes          | |  0.9
Charms         | |  0.9
Summonings     | |  0.9
Necromancy     | |  7.1
Translocations | |  0.9
Transmutations | |  0.9
Fire Magic     | |  0.9
Ice Magic      | |  0.9
Air Magic      | |  0.9
Earth Magic    | |  0.9
Poison Magic   | |  0.9

Action                   |  1- 3 |  4- 6 || total
-------------------------+-------+-------++-------
Melee: Club              |     4 |       ||     4
       Short sword       |     1 |     6 ||     7
 Cast: Pain              |    42 |    14 ||    56
       Regeneration      |     1 |       ||     1
       Animate Skeleton  |       |     1 ||     1
       Vampiric Draining |       |     1 ||     1
 Stab: Sleeping          |     3 |     2 ||     5
Dodge: Dodged            |     5 |     9 ||    14

Table legend:
 A = Spawn XP
 B = Non-spawn XP
 C = Spawn XP percentage of total XP
 D = Spawn monster count
 E = Non-spawn monster count
 F = Spawn count percentage of total count
 G = Total turns spent on level
                    A         B        C        D         E        F      G
               +---------+---------+-------+---------+---------+-------+---------
         Total |       0 |     130 |   0.0 |       0 |      34 |   0.0 |   760
               +---------+---------+-------+---------+---------+-------+---------
           D:1 |       0 |      32 |   0.0 |       0 |      15 |   0.0 |   423
           D:2 |       0 |      30 |   0.0 |       0 |      11 |   0.0 |   203
           D:3 |       0 |      68 |   0.0 |       0 |       8 |   0.0 |   134
               +---------+---------+-------+---------+---------+-------+---------

Table legend:
 A = Turns spent in this place as a percentage of turns spent in the entire game.
 B = Non-inter-level travel turns spent in this place as a percentage of non-inter-level travel turns spent in the entire game.
 C = Inter-level travel turns spent in this place as a percentage of turns spent in this place.
 D = Turns resting spent in this place as a percentage of non-inter-level travel turns spent in this place.
 E = Turns spent auto-exploring this place as a percentage of non-inter-level travel turns spent in this place.
 F = Non-inter-level travel turns spent in this place divided by the number of levels of this place that you've seen.
                   A       B       C       D       E      F
               +-------+-------+-------+-------+-------+----------------------
         Total | 100.0 | 100.0 |   2.2 |   0.0 |   0.0 | 247.7
       Dungeon | 100.0 | 100.0 |   2.2 |   0.0 |   0.0 | 247.7
               +-------+-------+-------+-------+-------+----------------------

Table legend:
 A = Kills in this place as a percentage of kills in entire the game.
 B = Kills by you in this place as a percentage of kills by you in the entire game.
 C = Kills by friends in this place as a percentage of kills by friends in the entire game.
 D = Other kills in this place as a percentage of other kills in the entire game.
 E = Experience gained in this place as a percentage of experience gained in the entire game.
 F = Experience gained in this place divided by the number of levels of this place that you have seen.
                   A       B       C       D       E      F
               +-------+-------+-------+-------+-------+----------------------
         Total | 100.0 | 100.0 |   N/A |   N/A | 100.0 |  43.3
       Dungeon | 100.0 | 100.0 |   N/A |   N/A | 100.0 |  43.3
               +-------+-------+-------+-------+-------+----------------------

Vault maps used:
D:1:      moated_graveyard_arrival
D:2:      nicolae_overflow_hidden_temple, serial_forest,
          infiniplex_forest_clump_long, infiniplex_forest_end_3,
          infiniplex_forest_straight_5, infiniplex_forest_corner_1,
          infiniplex_forest_zigzag_2, infiniplex_forest_clump_double,
          infiniplex_forest_straight_5, infiniplex_forest_lined_2
D:3:      nicolae_overflow_crystal_walls, lemuel_crystal_altar,
          cheibrodos_sewer_entry_bend
